 Dungeon Crawl Stone Soup version 0.23.2-1-ga50397a6bc (webtiles) character file.

Game seed: 9716982494182201122

7 DildoBatman the Magician (level 2, -1/19 HPs)
             Began as a Formicid Wizard on Apr 20, 2019.
             Slain by a jackal (3 damage)
             ... on level 1 of the Dungeon.
             The game lasted 00:00:47 (226 turns).

DildoBatman the Magician (Formicid Wizard)           Turns: 226, Time: 00:00:47

Health: -1/19      AC:  2    Str: 11    XL:     2   Next: 10%
Magic:  0/6        EV: 12    Int: 17    God:
Gold:   24         SH:  0    Dex:  9    Spells: 6/7 levels left

rFire    . . .     SeeInvis +   f - +0 club
rCold    . . .     Gourm    .   (no shield)
rNeg     . . .     Faith    .   a - +0 robe
rPois    .         Spirit   .   (helmet unavailable)
rElec    .         Reflect  .   (no cloak)
rCorr    .         Harm     .   (no gloves)
MR       .....                  (no boots)
Stlth    ++........             (no amulet)
HPRegen  0.06/turn              (no ring)
MPRegen  0.10/turn              (no ring)

@: very slightly contaminated
A: permanent stasis, dig shafts and tunnels, four strong arms, antennae 3
a: Dig, Shaft Self


You were on level 1 of the Dungeon.
You were not hungry.

You visited 1 branch of the dungeon, and saw 1 of its levels.

You collected 24 gold pieces.

Inventory:

Hand Weapons
 f - a +0 club (weapon)
Missiles
 g - 11 poisoned needles
Armour
 a - a +0 robe (worn)
Scrolls
 e - a scroll of identify {unknown}
 h - a scroll of remove curse {unknown}
 j - a scroll of teleportation {unknown}
Potions
 c - a potion of invisibility {unknown}
 d - a potion of flight {unknown}
 i - a potion of haste {unknown}
Comestibles
 b - 2 chunks of flesh
 v - a ration


   Skills:
 - Level 1.7 Dodging
 - Level 2.4 Stealth
 - Level 3.2 Spellcasting
 * Level 1.8 Conjurations
   Level 1.0 Summonings
   Level 0.8 Translocations


You had 6 spell levels left.
You knew the following spells:

 Your Spells              Type           Power        Failure   Level  Hunger
c - Magic Dart            Conj           #...         8%          1    None

Your spell library contained the following spells:

 Spells                   Type           Power        Failure   Level  Hunger
 Call Imp                 Summ           #.......     17%         2    ##.....
 Slow                     Hex            #.......     26%         2    ##.....
 Conjure Flame            Conj/Fire      #.......     34%         3    ###....
 Mephitic Cloud           Conj/Pois/Air  #.......     36%         3    ###....
 Blink                    Tloc           Unusable     N/A         2    N/A

Dungeon Overview and Level Annotations

Branches:
Dungeon (1/15)

Altars:


Innate Abilities, Weirdness & Mutations

You cannot be hasted, slowed, berserked, paralysed or teleported.
You can dig through walls and to a lower floor.
Your four strong arms can wield two-handed weapons with a shield.
You have a pair of large antennae on your head. (SInv)


Message History

Casting: Magic Dart (safe; 8% risk of failure)
Confirm with . or Enter, or press ? or * to list all spells.
You don't have enough magic to cast that spell.
You barely miss the jackal.
The jackal is almost dead.
The jackal closely misses you.
Casting: Magic Dart (safe; 8% risk of failure)
Confirm with . or Enter, or press ? or * to list all spells.
You don't have enough magic to cast that spell.
You closely miss the jackal.
The jackal is almost dead.
The jackal closely misses you. The jackal misses you.
Casting: Magic Dart (safe; 8% risk of failure)
Confirm with . or Enter, or press ? or * to list all spells.
You don't have enough magic to cast that spell.
You hit the jackal but do no damage.
The jackal is almost dead.
The jackal bites you. x2
You die...

#######.#######.##
+......<......+..#
#######.#######..#
#P≈≈≈≈#.#..P.P#..#
#P≈≈≈≈#.#....P#..#
##P≈≈≈#.#...P##..#
##P≈≈#.#P.P##...#
##PP#.#PP##...##
####+####@..##
#.....hh####
#>....†.#
#.......#
........#
........#
######>.. ....
......


You could see 2 jackals.

Vanquished Creatures
  A dart slug (D:1)
  A bat (D:1)
  A goblin (D:1)
  A hobgoblin (D:1)
  A rat (D:1)
5 creatures vanquished.

Notes
Turn   | Place    | Note
-------+----------+-------------------------------------------
     0 | D:1      | DildoBatman the Formicid Wizard began the quest for the
                  | Orb.
     0 | D:1      | Reached XP level 1. HP: 13/13 MP: 4/4
    45 | D:1      | Reached skill level 1 in Conjurations
   169 | D:1      | Reached XP level 2. HP: 15/19 MP: 1/6
   226 | D:1      | Slain by a jackal

Skill      XL: |  1 |
---------------+----+-----
Conjurations   | 1 |  1.8
Dodging        | |  1.7
Stealth        | |  2.4
Spellcasting   | |  3.2
Summonings     | |  1.0
Translocations | |  0.8

Action                   || total
-------------------------++-------
Melee: Club              ||    31
       Unarmed           ||     2
 Cast: Magic Dart        ||    16
Armor: Robe              ||     9
Dodge: Dodged            ||    40
